 Dungeon Crawl Stone Soup version 0.22-a0-362-g535178c (webtiles) character file.

138 mortelune the Skirmisher (level 5, 21/42 HPs)
             Began as a Demonspawn Abyssal Knight on Apr 22, 2018.
             Was a Believer of Lugonu.
             Quit the game on level 3 of the Dungeon.
             The game lasted 00:04:05 (2827 turns).

mortelune the Skirmisher (DsAK)                     Turns: 2827, Time: 00:04:07

Health: 21/42      AC:  4    Str: 13    XL:     5   Next: 1%
Magic:  6/6        EV: 12    Int: 14    God:    Lugonu [**....]
Gold:   111        SH:  0    Dex: 12    Spells: 4/4 levels left

rFire    . . .     SeeInvis .   a - +1 falchion
rCold    . . .     Gourm    .   (no shield)
rNeg     . . .     Faith    .   b - +0 leather armour
rPois    .         Spirit   .   (helmet restricted)
rElec    .         Reflect  .   (no cloak)
rCorr    .         Harm     .   n - +0 pair of gloves
MR       .....                  (no boots)
Stlth    +.........             (no amulet)
HPRegen  0.14/turn              (no ring)
MPRegen  0.10/turn              (no ring)

@: mildly poisoned (21 -> 18)
A: claws 1, horns 1, spiny 1
a: Depart the Abyss, Bend Space, Renounce Religion


You were on level 3 of the Dungeon.
You worshipped Lugonu.
Lugonu was pleased with you.
You were not hungry.

You visited 1 branch of the dungeon, and saw 3 of its levels.
You visited the Abyss 1 time.

You collected 111 gold pieces.

Inventory:

Hand Weapons
 a - a +1 falchion (weapon)
Armour
 b - a +0 leather armour (worn)
 n - a +0 pair of gloves (worn)
Scrolls
 e - 3 scrolls of remove curse
 f - a scroll of identify {unknown}
 h - 3 scrolls of teleportation
 j - a scroll of immolation {unknown}
 l - a scroll of fear {unknown}
Potions
 g - a potion of resistance {unknown}
 k - a potion of ambrosia {unknown}
 m - a potion of flight {unknown}
 o - a potion of degeneration {unknown}
Comestibles
 c - 4 rations


   Skills:
 + Level 3.8 Fighting
 * Level 3.5 Long Blades
 - Level 1.9 Armour
 + Level 2.1 Dodging
 - Level 2.4 Invocations


You had 4 spell levels left.
You didn't know any spells.

Dungeon Overview and Level Annotations

Branches:
Dungeon (3/15)

Altars:
Dithmenos
Gozag


Innate Abilities, Weirdness & Mutations

You have sharp fingernails.
You have a pair of small horns on your head.
You are partially covered in sharp spines.


Message History

You hit the adder.
The adder is almost dead.
The adder bites you.
You are poisoned.
The adder poisons you! The adder barely misses you.
You riposte.
You barely miss the adder.
The adder is almost dead.
You hit the adder.
You kill the adder!
Lugonu accepts your kill.
You have reached level 5!
Your demonic ancestry asserts itself...
A pair of horns grows on your head!
You feel sick.
You feel sick. The goblin is struck by your spines.
You kill the goblin!
Lugonu accepts your kill.
There is a stone staircase leading up here.
You see here a club.
Are you sure you want to abandon this character and quit the game? (Confirm with "yes".)

#########.##### #.#
#.............#####.#
#...##.........)..#.#
#.#.##.##.###.###.#.#
#....#(##.# #.# #.#.#
#...)..##.###.###.#.#
#....####........#..#
#.#.## #####.##...##
..#.# #.<)@..# .##.#
#..#...# .##.#
#.(##### .##.#
#####..# .##..
..##..# .# #.###.# .#
#######.###(#
.###.......S..(#
.....#####.###(#


There were no monsters in sight!

Vanquished Creatures
  3 gnolls (D:2)
  5 adders
  A dart slug (D:1)
  3 worms
  A leopard gecko (D:2)
  4 bats
  A giant cockroach (D:2)
  8 goblins
  6 hobgoblins
  6 jackals (D:1)
  12 kobolds
  2 frilled lizards
  4 rats
56 creatures vanquished.

Notes
Turn   | Place    | Note
-------+----------+-------------------------------------------
     0 | Abyss:1  | mortelune the Demonspawn Abyssal Knight began the quest for the Orb.
     0 | Abyss:1  | Reached XP level 1. HP: 18/18 MP: 2/2
     6 | D:1      | Escaped the Abyss
   331 | D:1      | Reached skill level 1 in Dodging
   331 | D:1      | Gained mutation: You are partially covered in sharp spines. [demonic ancestry]
   331 | D:1      | Reached XP level 2. HP: 20/24 MP: 3/3
   943 | D:2      | Gained mutation: You have sharp fingernails. [demonic ancestry]
   943 | D:2      | Reached XP level 3. HP: 29/29 MP: 4/4
  1215 | D:2      | Found a shadowy altar of Dithmenos.
  1570 | D:2      | Reached ** piety under Lugonu
  1655 | D:2      | Reached XP level 4. HP: 21/35 MP: 5/5
  2382 | D:2      | Found an opulent altar of Gozag.
  2823 | D:3      | Gained mutation: You have a pair of small horns on your head. [demonic ancestry]
  2823 | D:3      | Reached XP level 5. HP: 22/42 MP: 6/6
  2827 | D:3      | Quit the game

Vault maps used:
D:1:      lemuel_arrival_river_bridge
D:2:      grunt_gozag_breadcrumbs, first_ration,
          nicolae_dithmenos_through_a_glass_darkly
D:3:      nicolae_overflow_hidden_temple, lemuel_round_altar,
          nicolae_qazlal_eye_of_the_storm
Abyss:1:  evilmike_abyss_exit_plants

Skill      XL: |  1  2  3  4 |
---------------+-------------+-----
Long Blades    | 2 3 |  3.5
Dodging        | 1 2 |  2.1
Fighting       | |  3.8
Armour         | |  1.9
Invocations    | |  2.4

Action                   |  1- 3 |  4- 6 || total
-------------------------+-------+-------++-------
Melee: Falchion          |    75 |    50 ||   125
  Use: Scroll            |       |     3 ||     3
  Eat: Chunk             |     2 |     4 ||     6
Armor: Leather armour    |    17 |     9 ||    26
Dodge: Dodged            |    45 |    32 ||    77
       Rpst.: Falchion   |    15 |    11 ||    26

Table legend:
 A = Spawn XP
 B = Non-spawn XP
 C = Spawn XP percentage of total XP
 D = Spawn monster count
 E = Non-spawn monster count
 F = Spawn count percentage of total count
 G = Total turns spent on level
                    A         B        C        D         E        F      G
               +---------+---------+-------+---------+---------+-------+---------
         Total |       0 |     198 |   0.0 |       0 |      56 |   0.0 |  2827
               +---------+---------+-------+---------+---------+-------+---------
           D:1 |       0 |      33 |   0.0 |       0 |      16 |   0.0 |   934
           D:2 |       0 |     113 |   0.0 |       0 |      29 |   0.0 |  1552
           D:3 |       0 |      52 |   0.0 |       0 |      11 |   0.0 |   335
               +---------+---------+-------+---------+---------+-------+---------
